[Event "Titled Tuesday Blitz November 22 Late 2022"]
[White "Pinheiro, Iung Alicio de O."]
[Black "Wieczorek, Oskar"]
[WhiteFideId "2104350"]
[BlackFideId "1133950"]
[WhiteElo "2283"]
[BlackElo "2404"]
[Result "0-1"]
[Round "04"]
[TimeControl "180+1"]
[Date "2022.11.23"]
[WhiteClock "0:00:01"]
[BlackClock "0:00:06"]

1. d4 Nf6 2. c4 c5 3. d5 b5 4. cxb5 a6 5. bxa6 g6 6. Nc3 Bxa6 7. e4 Bxf1 8. Kxf1 d6 9. Nf3 Qc8 10. g3 Qh3+ 11. Kg1 Bg7 12. Ng5 Qg4 13. f3 Qc8 14. Kg2 O-O 15. Rf1 h6 16. Nh3 Nbd7 17. Bf4 Qa6 18. Qd2 Kh7 19. a4 Qc4 20. Nf2 Rfb8 21. Nd3 Nh5 22. Be3 Rb3 23. Rfc1 Rab8 24. Ra2 f5 25. exf5 gxf5 26. a5 Nhf6 27. Nf4 Ne5 28. a6 Ra8 29. a7 Rb7 30. Rca1 Ng6 31. Qc2 Nxf4+ 32. Bxf4 Kg6 33. Qd2 Nd7 34. Qc2 Bxc3 35. bxc3 Nf6 36. Ra4 Qxd5 37. Rd1 Qb3 38. Qxb3 Rxb3 39. c4 Rb7 40. Rda1 Nd7 41. Bd2 e5 42. Kf2 h5 43. h3 Kf6 44. h4 Ke6 45. Bg5 Nb6 46. Rb1 Kd7 47. Ra6 Kc7 48. Be7 Raxa7 0-1


[Site "https://www.chess.com"]

[Event "Titled Tuesday Blitz November 22 Late 2022"]
[White "Plat, Vojtech"]
[Black "Koellner, Ruben Gideon"]
[WhiteFideId "325740"]
[BlackFideId "12993093"]
[WhiteElo "2876"]
[BlackElo "2599"]
[Result "0-1"]
[Round "04"]
[TimeControl "180+1"]
[Date "2022.11.23"]
[WhiteClock "0:02:14"]
[BlackClock "0:02:45"]

1. e4 d6 2. Nf3 Nf6 3. Nc3 e5 4. d4 Nbd7 5. Bc4 Be7 6. a4 c6 7. a5 h6 8. O-O Qc7 9. h3 Nf8 10. Re1 g5 11. dxe5 dxe5 12. Nh2 Ng6 13. Be3 Kf8 14. Ng4 Bxg4 15. hxg4 Qc8 16. f3 h5 17. Bxg5 hxg4 18. Be2 Bc5+ 0-1


[Site "https://www.chess.com"]

[Event "Titled Tuesday Blitz November 22 Late 2022"]
[White "Poliakova, Varvara"]
[Black "Corrales Jimenez, Fidel"]
[WhiteFideId "13518313"]
[BlackFideId "3506690"]
[WhiteElo "2099"]
[BlackElo "2541"]
[Result "0-1"]
[Round "04"]
[TimeControl "180+1"]
[Date "2022.11.23"]
[WhiteClock "0:00:02"]
[BlackClock "0:00:14"]

1. e4 c5 2. Nf3 d6 3. d4 cxd4 4. Nxd4 Nf6 5. Nc3 a6 6. h3 b5 7. g4 Bb7 8. Bg2 h6 9. Nd5 Nbd7 10. Be3 e6 11. Nxf6+ Nxf6 12. Qd3 Rc8 13. c3 d5 14. exd5 Bxd5 15. Bxd5 Qxd5 16. Ke2 Be7 17. Nf3 Qb7 18. Rad1 O-O 19. g5 hxg5 20. Nxg5 b4 21. c4 Rfd8 22. Qc2 Rxd1 23. Rxd1 Qc6 24. b3 Bc5 25. Qd3 Bxe3 26. Qxe3 Qc7 27. Ne4 Nxe4 28. Qxe4 Qa5 29. Rd2 g6 30. Qd4 Qh5+ 31. Qg4 Qe5+ 32. Kd1 a5 33. Qd4 Qf5 34. Ke2 Qxh3 35. Qd7 Rc5 36. Qd8+ Kh7 37. Qf6 Rf5 38. Qd4 Qf3+ 39. Ke1 Rf4 40. Rd3 Qh1+ 41. Ke2 Rxd4 42. Rxd4 Qa1 43. Rd2 Qc3 44. Kd1 Kg7 45. Rc2 Qd4+ 46. Ke2 Qc5 47. Kd3 g5 48. Re2 Kf6 49. f3 Qd6+ 0-1


[Site "https://www.chess.com"]

[Event "Titled Tuesday Blitz November 22 Late 2022"]
[White "Polster, Christian"]
[Black "Arbunic Castro, Giovanna"]
[WhiteFideId "12965081"]
[BlackFideId "3400549"]
[WhiteElo "2209"]
[BlackElo "1975"]
[Result "1-0"]
[Round "04"]
[TimeControl "180+1"]
[Date "2022.11.23"]
[WhiteClock "0:00:03"]
[BlackClock "0:00:12"]

1. e4 g6 2. Nc3 Bg7 3. d4 c5 4. Nf3 Qa5 5. dxc5 Nf6 6. Bd3 Qxc5 7. O-O a6 8. Be3 Qc7 9. e5 Ng4 10. Bf4 Nxe5 11. Re1 Nbc6 12. Nd5 Qa5 13. Nxe5 Qxd5 14. Bc4 Qxd1 15. Raxd1 Nxe5 16. Bxe5 Bxe5 17. Rxe5 e6 18. a4 O-O 19. Rd6 b5 20. axb5 axb5 21. Bxb5 Ra1+ 22. Bf1 Bb7 23. f3 Bd5 24. Kf2 f6 25. Re3 Rc1 26. Rc3 Bc6 27. b4 Rb8 28. b5 Bxb5 29. Bxb5 Rxb5 30. Rxd7 Rb8 31. Rcc7 Ra8 32. Kg3 h5 33. h4 g5 34. hxg5 fxg5 35. Rg7+ Kf8 36. Rxg5 Ra2 37. Rxh5 Kg8 38. Rg5+ Kf8 39. Rb5 Ra8 40. Kf4 Kg8 41. g4 Rf8+ 42. Kg5 Rxf3 43. Kg6 Rg1 44. g5 Rf5 45. Rxf5 exf5 46. Rc8# 1-0


[Site "https://www.chess.com"]

[Event "Titled Tuesday Blitz November 22 Late 2022"]
[White "Popilski, Gil"]
[Black "Kaplan, Avi Harrison"]
[WhiteFideId "2809060"]
[BlackFideId "30934559"]
[WhiteElo "2537"]
[BlackElo "1983"]
[Result "1-0"]
[Round "04"]
[TimeControl "180+1"]
[Date "2022.11.23"]
[WhiteClock "0:01:16"]
[BlackClock "0:00:02"]

1. e4 c5 2. Nf3 d6 3. d4 cxd4 4. Nxd4 Nf6 5. Nc3 a6 6. Bg5 Nbd7 7. f4 Qc7 8. Qe2 e6 9. O-O-O Be7 10. g4 b5 11. a3 Bb7 12. Bh4 Rc8 13. Bg2 Nb6 14. Rhe1 Nc4 15. Rd3 Nxe4 16. Bxe7 Nxc3 17. Rxc3 Qxe7 18. Bxb7 Qxb7 19. Nxe6 fxe6 20. Qxe6+ Kd8 21. b3 Qd7 22. bxc4 Qxe6 23. Rxe6 Kd7 24. Re4 Rhf8 25. Kd2 d5 26. cxd5 Rxc3 27. Kxc3 Kd6 28. Kd4 a5 29. Re6+ Kd7 30. f5 Rc8 31. Kd3 Rc5 32. Ra6 Rxd5+ 33. Ke4 Rc5 34. Rxa5 Rxc2 35. Rxb5 Rxh2 36. Rb7+ Kd6 37. Rxg7 Ra2 38. Rxh7 Rxa3 39. Kf4 Ra4+ 40. Kg5 Ra8 41. Rg7 Ke5 42. Re7+ Kd6 43. f6 Ra4 44. Kf5 Ra5+ 45. Kg6 Ra8 46. g5 Kc5 47. Kf7 Kb4 48. g6 Ka3 49. g7 Rb8 50. g8=R Rb3 51. Rc8 Ka2 52. Ke8 Ka3 53. f7 Ka2 54. f8=R Ka3 55. Rff7 Rb2 56. Rb7 Ka2 57. Rf2 Ka1 58. Rc1+ Ka2 59. Rfxb2+ Ka3 60. Ra1# 1-0


[Site "https://www.chess.com"]

[Event "Titled Tuesday Blitz November 22 Late 2022"]
[White "Pranav, V"]
[Black "Goroshkov, Maksym"]
[WhiteFideId "25060783"]
[BlackFideId "14142716"]
[WhiteElo "2430"]
[BlackElo "2257"]
[Result "1-0"]
[Round "04"]
[TimeControl "180+1"]
[Date "2022.11.22"]
[WhiteClock "0:00:30"]
[BlackClock "0:00:25"]

1. e4 e5 2. Nf3 d6 3. d4 Bg4 4. dxe5 Nd7 5. exd6 Bxd6 6. Be2 Ngf6 7. O-O Qe7 8. Nc3 O-O-O 9. Nd4 Bxe2 10. Qxe2 Qe5 11. Nf3 Qh5 12. Rd1 Rhe8 13. h3 Nc5 14. e5 Bxe5 15. Rxd8+ Kxd8 16. Be3 Kc8 17. Rd1 Bf4 18. Qc4 Bxe3 19. fxe3 Rxe3 20. Nd5 Re5 21. Nf4 Qf5 22. Nxe5 Qxe5 23. Qxf7 Qe3+ 24. Kh1 b6 25. Nd5 Qe2 26. Qxc7# 1-0


[Site "https://www.chess.com"]

[Event "Titled Tuesday Blitz November 22 Late 2022"]
[White "Prem, Pranav"]
[Black "Oro, Faustino"]
[WhiteFideId "30901057"]
[BlackFideId "20000197"]
[WhiteElo "1970"]
[BlackElo "2066"]
[Result "1-0"]
[Round "04"]
[TimeControl "180+1"]
[Date "2022.11.23"]
[WhiteClock "0:00:07"]
[BlackClock "0:00:03"]

1. d4 Nf6 2. c4 e6 3. Nf3 b6 4. g3 Bb7 5. Bg2 Be7 6. O-O O-O 7. Qc2 d5 8. Rd1 Nbd7 9. cxd5 exd5 10. Nc3 Re8 11. Bf4 c6 12. Rac1 Nf8 13. Ne5 Ne6 14. a3 Bd6 15. b4 Nxd4 16. Nxc6 Nxc6 17. Nxd5 Bxf4 18. Nxf4 Nd4 19. Qb2 Nxe2+ 20. Nxe2 Qe7 21. Bxb7 Qxb7 22. Nf4 h6 23. Rd2 Ne4 24. Rd4 Ng5 25. Rd5 Rad8 26. Rcd1 Rxd5 27. Nxd5 Nf3+ 28. Kg2 Ne1+ 29. Kf1 Nf3 30. Kg2 Ng5 31. h4 Ne6 32. Kg1 Rd8 33. Qb3 Kh8 34. Ne3 Re8 35. Rd3 Nc7 36. Qd1 Qc8 37. Rd7 Ne6 38. Rxf7 Rd8 39. Qg4 Qc1+ 40. Kg2 Qc6+ 41. Kh2 Rg8 42. Re7 Nd4 43. Qxd4 Qg6 44. Qe4 Qf6 45. Re6 Qxf2+ 46. Ng2 Qa2 47. Rg6 Qxa3 48. Qc6 Kh7 49. Qe4 Kh8 50. Re6 Qc3 51. Qf4 Kh7 52. Qf5+ Kh8 53. h5 Qd2 54. Kh3 a5 55. Nh4 Qd1 56. Ng6+ Kh7 57. Nf8+ Kh8 58. Qh7# 1-0


[Site "https://www.chess.com"]

[Event "Titled Tuesday Blitz November 22 Late 2022"]
[White "Principe, Gerson"]
[Black "Rasulov, Vugar"]
[WhiteFideId "3804550"]
[BlackFideId "13402390"]
[WhiteElo "2280"]
[BlackElo "2509"]
[Result "0-1"]
[Round "04"]
[TimeControl "180+1"]
[Date "2022.11.23"]
[WhiteClock "0:00:49"]
[BlackClock "0:02:08"]

1. d4 a6 2. Nf3 b5 3. e3 Bb7 4. Be2 g6 5. O-O Bg7 6. c3 Nf6 7. a4 bxa4 8. Qxa4 O-O 9. Nbd2 d6 10. b4 Nbd7 11. Bb2 e5 12. c4 e4 13. Ne1 h5 14. Qb3 Ng4 15. h3 Nh6 16. f3 exf3 17. Bxf3 Bxf3 18. Nexf3 Nf6 19. e4 Re8 20. Rae1 Rb8 21. Qc3 Nd7 22. c5 dxc5 23. bxc5 Nxc5 24. Qxc5 Rxb2 25. Kh1 Qd6 26. Qc3 Qb4 27. Qxc7 Rxd2 28. Nxd2 Qxd2 29. Qc6 Rb8 30. d5 Be5 31. Qc1 Qxc1 32. Rxc1 f5 33. exf5 Nxf5 34. Rc6 Ng3+ 35. Kg1 Bd4+ 0-1


[Site "https://www.chess.com"]

[Event "Titled Tuesday Blitz November 22 Late 2022"]
[White "Przybylski, Wojciech"]
[Black "Simonovic, Miroslav"]
[WhiteFideId "1117599"]
[BlackFideId "919152"]
[WhiteElo "2221"]
[BlackElo "2043"]
[Result "1-0"]
[Round "04"]
[TimeControl "180+1"]
[Date "2022.11.23"]
[WhiteClock "0:00:16"]
[BlackClock "0:00:09"]

1. e4 c5 2. Nf3 Nc6 3. d4 cxd4 4. Nxd4 a6 5. Be2 e5 6. Nb3 Nf6 7. Nc3 Bb4 8. Bf3 O-O 9. O-O Bxc3 10. bxc3 h6 11. c4 d6 12. Ba3 Ne8 13. c5 b5 14. cxb6 Be6 15. Rb1 Rb8 16. Qd2 Qxb6 17. Rfd1 Nd4 18. Be2 Bxb3 19. cxb3 Nc7 20. Bc4 Rfd8 21. Bb2 Ncb5 22. a4 Nc7 23. Bxd4 exd4 24. Qxd4 Ne6 25. Qxb6 Rxb6 26. a5 Rc6 27. Rd5 Nc7 28. Rd3 Kf8 29. f4 Ke7 30. g3 Rb8 31. Rbd1 Ne6 32. e5 dxe5 33. Rd7+ Kf6 34. fxe5+ Kxe5 35. Rxf7 Rc5 36. Re1+ Kd4 37. Rxe6 Rxa5 38. Rf4+ Kc3 39. Re3+ Kb2 40. Kg2 Ra2 41. Rf2+ Ka3 42. Rxa2+ Kxa2 43. Bxa6 Rxb3 44. Bc4 Kb2 45. Bxb3 Kc1 46. Kf3 Kd2 47. h3 g5 48. g4 h5 49. gxh5 g4+ 50. hxg4 Kc1 51. h6 Kb2 52. h7 Kb1 53. Bd5 Kc1 54. Re5 Kd2 55. h8=Q Kd3 56. Qh7+ Kd4 57. Qg7 Kc5 58. Qf6 Kb4 59. Be4 Kc3 60. Qc6+ Kd2 61. Rd5+ Ke1 62. Qc1# 1-0


[Site "https://www.chess.com"]

[Event "Titled Tuesday Blitz November 22 Late 2022"]
[White "Rangel, Daniel"]
[Black "Barria Zuniga, Daniel"]
[WhiteFideId "2124475"]
[BlackFideId "3400816"]
[WhiteElo "2225"]
[BlackElo "2414"]
[Result "0-1"]
[Round "04"]
[TimeControl "180+1"]
[Date "2022.11.23"]
[WhiteClock "0:00:03"]
[BlackClock "0:00:06"]

1. d4 Nf6 2. c4 e6 3. Nc3 Bb4 4. e3 O-O 5. Ne2 Re8 6. a3 Bf8 7. Nf4 d6 8. Be2 e5 9. dxe5 dxe5 10. Nfd5 c6 11. Nxf6+ Qxf6 12. O-O Nd7 13. Ne4 Qe7 14. Ng3 g6 15. b3 a5 16. Bb2 Nc5 17. b4 axb4 18. axb4 Rxa1 19. Qxa1 Na6 20. b5 Nc5 21. Ba3 Qc7 22. Rb1 f5 23. b6 Qf7 24. Rd1 Nd7 25. Bxf8 Qxf8 26. Qa5 Qc5 27. Qxc5 Nxc5 28. Nf1 Kf8 29. Rb1 Ke7 30. f3 Rd8 31. Kf2 Be6 32. Ra1 Nd7 33. Ra7 Rb8 34. Nd2 Kd6 35. Nb3 Nc5 36. Na5 Bc8 37. Ke1 Nd7 38. Nb3 c5 39. Ra5 Nxb6 40. Nxc5 Be6 41. Nxb7+ Kc6 42. Nc5 Bxc4 43. Nd3 Bxd3 44. Bxd3 Nd5 45. Ra6+ Rb6 46. Rxb6+ Kxb6 47. e4 Nf4 48. Bf1 fxe4 49. fxe4 Kc5 50. g3 Ne6 51. Kf2 Kd4 52. Bg2 h5 53. h4 Nc5 54. Bh3 Nxe4+ 55. Kg2 Ke3 56. Be6 g5 57. hxg5 Nxg5 58. Bf5 e4 59. Bg6 Kd2 60. Bxh5 e3 61. Kf1 Ne4 62. Kg2 Nc3 63. Bf3 Ne2 64. g4 Nd4 0-1


[Site "https://www.chess.com"]

[Event "Titled Tuesday Blitz November 22 Late 2022"]
[White "Remolar Gallen, Jose"]
[Black "Goryachkina, Aleksandra"]
[WhiteFideId "2215187"]
[BlackFideId "4147103"]
[WhiteElo "2252"]
[BlackElo "2484"]
[Result "0-1"]
[Round "04"]
[TimeControl "180+1"]
[Date "2022.11.23"]
[WhiteClock "0:00:03"]
[BlackClock "0:00:03"]

1. d4 Nf6 2. Nf3 c5 3. d5 b5 4. a4 b4 5. Bg5 Bb7 6. Bxf6 gxf6 7. e4 Bg7 8. Nbd2 f5 9. Bc4 Bxb2 10. O-O Bxa1 11. Qxa1 Rg8 12. exf5 d6 13. Re1 Kf8 14. f6 exf6 15. Ne4 Kg7 16. Nh4 Bc8 17. Re3 Nd7 18. Nf5+ Kf8 19. Nexd6 Ne5 20. Nxc8 Rxc8 21. Rxe5 fxe5 22. Qxe5 Qd7 23. d6 Re8 24. Qxc5 Rg6 25. g3 Rf6 26. Bd3 Ree6 27. Qxb4 Rxf5 28. Bxf5 Qxd6 29. Bxe6 Qxb4 0-1


[Site "https://www.chess.com"]

[Event "Titled Tuesday Blitz November 22 Late 2022"]
[White "Reprintsev, Alexander"]
[Black "Sailer, Mike"]
[WhiteFideId "14100541"]
[BlackFideId "2012901"]
[WhiteElo "2230"]
[BlackElo "2109"]
[Result "1-0"]
[Round "04"]
[TimeControl "180+1"]
[Date "2022.11.23"]
[WhiteClock "0:01:08"]
[BlackClock "0:00:04"]

1. e4 d5 2. exd5 Qxd5 3. Nc3 Qd6 4. Nf3 Nf6 5. d4 c6 6. g3 Bf5 7. Bf4 Qd8 8. Bg2 e6 9. O-O Be7 10. Nh4 Bg4 11. Qd2 Nd5 12. Nxd5 cxd5 13. h3 Bh5 14. Nf3 O-O 15. g4 Bg6 16. Ne5 Nd7 17. Nxg6 hxg6 18. c4 Nb6 19. c5 Nc4 20. Qc3 Bg5 21. Bxg5 Qxg5 22. b3 Nd2 23. Rfe1 f5 24. Qe3 Qxe3 25. Rxe3 Rae8 26. Rae1 Kf7 27. f3 fxg4 28. hxg4 Kg8 29. Rd3 Nxf3+ 30. Rxf3 Rxf3 31. Bxf3 Kf7 32. g5 b6 33. c6 Rc8 34. Rxe6 Kxe6 35. Bg4+ Kd6 36. Bxc8 Kxc6 37. Be6 1-0


[Site "https://www.chess.com"]

[Event "Titled Tuesday Blitz November 22 Late 2022"]
[White "Riff, Vincent"]
[Black "Sarana, Alexey"]
[WhiteFideId "617776"]
[BlackFideId "24133795"]
[WhiteElo "2369"]
[BlackElo "2708"]
[Result "0-1"]
[Round "04"]
[TimeControl "180+1"]
[Date "2022.11.22"]
[WhiteClock "0:00:17"]
[BlackClock "0:01:17"]

1. e4 c5 2. Nc3 d6 3. Nf3 Nf6 4. d4 cxd4 5. Nxd4 a6 6. Be3 e5 7. Nf3 Qc7 8. Bg5 Nbd7 9. Be2 b5 10. O-O Bb7 11. Re1 h6 12. Be3 Be7 13. Bd3 b4 14. Nd5 Nxd5 15. exd5 Bxd5 16. Bf5 Bc6 17. Qd2 g6 18. Bxd7+ Qxd7 19. Rad1 a5 20. Qe2 Qg4 21. h3 Bxf3 22. Qxf3 Qxf3 23. gxf3 g5 24. Rd5 Kd7 25. Red1 Ke6 26. Rb5 Rhb8 27. Rdd5 Bd8 28. a4 bxa3 29. bxa3 Rxb5 30. Rxb5 Rc8 31. Bd2 a4 32. c3 Rc4 33. Kf1 Rh4 34. Ke2 Be7 35. Ra5 h5 36. Ra7 f6 37. Be3 d5 38. Bc1 d4 39. cxd4 Rxd4 40. Be3 Rh4 41. Bc1 Bc5 42. Ra6+ Kf5 43. Ra5 Bd4 44. Rxa4 Rxh3 45. Ra8 Rh1 46. Bd2 h4 47. a4 Ra1 48. a5 Ra2 49. Kd3 Bxf2 50. a6 Ra3+ 51. Ke2 Bd4 52. Kf1 Rxf3+ 53. Ke2 Ra3 54. Bb4 Ra2+ 55. Kf3 h3 56. Kg3 g4 0-1


[Site "https://www.chess.com"]

[Event "Titled Tuesday Blitz November 22 Late 2022"]
[White "Rios Escobar, Adan"]
[Black "chess50years"]
[WhiteFideId "3403645"]
[WhiteElo "2339"]
[BlackElo "2058"]
[Result "1-0"]
[Round "04"]
[TimeControl "180+1"]
[Date "2022.11.23"]
[WhiteClock "0:00:56"]
[BlackClock "0:00:15"]

1. d4 g6 2. g3 Bg7 3. Bg2 d5 4. Nf3 Nf6 5. O-O Ne4 6. c4 c6 7. a4 O-O 8. Na3 Nd7 9. cxd5 cxd5 10. Bf4 Ndf6 11. Nb5 a6 12. Nc7 Ra7 13. Rc1 Nh5 14. Qb3 Nxf4 15. gxf4 b5 16. Qxd5 Nd6 17. Qc5 Rb7 18. Ne5 bxa4 19. Bxb7 Bxb7 20. e3 Ne4 21. Qb4 1-0


[Site "https://www.chess.com"]

[Event "Titled Tuesday Blitz November 22 Late 2022"]
[White "Rizzo, Tobias"]
[Black "Suder, Jakub"]
[WhiteFideId "30942691"]
[BlackFideId "1195310"]
[WhiteElo "2328"]
[BlackElo "2243"]
[Result "0-1"]
[Round "04"]
[TimeControl "180+1"]
[Date "2022.11.23"]
[WhiteClock "0:00:12"]
[BlackClock "0:00:13"]

1. d4 d5 2. Bf4 Nf6 3. e3 c5 4. Nc3 a6 5. Nf3 Nc6 6. Be2 cxd4 7. exd4 Bg4 8. Ne5 Bxe2 9. Nxe2 Rc8 10. O-O e6 11. c3 Nxe5 12. Bxe5 Be7 13. Ng3 O-O 14. f4 g6 15. f5 exf5 16. Qf3 Ne4 17. Bf4 Bg5 18. Ne2 Bxf4 19. Qxf4 Qb6 20. Rab1 Qc7 21. Qh6 f6 22. h3 Rce8 23. Rbe1 Ng3 24. Nf4 Qf7 25. Rxe8 Rxe8 26. Rf2 Re1+ 27. Kh2 Ne4 28. Rf3 Nd2 29. Rg3 Nf1+ 30. Kg1 Nxg3+ 31. Kf2 Re4 32. Kxg3 Qc7 33. Kf3 Rxf4+ 34. Qxf4 Qxf4+ 35. Kxf4 Kf7 36. g4 fxg4 37. hxg4 Ke6 38. b3 b5 39. a4 h5 40. gxh5 gxh5 41. a5 Kd6 42. Kf5 Kc6 43. Kf4 b4 44. cxb4 Kb5 45. Kf5 Kxb4 46. Kxf6 h4 47. Ke5 h3 48. Kxd5 h2 49. Kc6 h1=Q+ 50. d5 Kxb3 51. Kc5 Qh5 52. Kc6 Qf3 53. Kc5 Qf5 54. Kc6 Qc8+ 55. Kb6 Qd8+ 56. Kc6 Qxa5 57. d6 Qd8 58. d7 a5 59. Kd6 a4 60. Kc6 a3 61. Kd6 a2 62. Kc6 a1=Q 63. Kb7 Qh1+ 64. Ka6 Qha8+ 65. Kb5 Qd5+ 66. Ka6 Q8a8+ 67. Kb6 Qab7# 0-1


[Site "https://www.chess.com"]

[Event "Titled Tuesday Blitz November 22 Late 2022"]
[White "Romero Ruscalleda, Josep"]
[Black "Musovic, Armin"]
[WhiteFideId "2231859"]
[BlackFideId "939935"]
[WhiteElo "2183"]
[BlackElo "2288"]
[Result "0-1"]
[Round "04"]
[TimeControl "180+1"]
[Date "2022.11.23"]
[WhiteClock "0:00:12"]
[BlackClock "0:01:52"]

1. e4 c6 2. Nc3 d5 3. Nf3 dxe4 4. Nxe4 Nf6 5. Qe2 Nxe4 6. Qxe4 Qd5 7. Qh4 Qe6+ 8. Be2 Qg4 9. Qg3 Qxg3 10. hxg3 g6 11. d4 h5 12. Bg5 f6 13. Be3 Be6 14. O-O-O Bg7 15. a3 Nd7 16. Rhe1 Kf7 17. Bd3 Rhd8 18. Bd2 Nf8 19. Re2 Bg4 20. Rde1 e6 21. Bc4 b5 22. Bb3 a5 23. c3 a4 24. Ba2 Re8 25. Bf4 Rad8 26. Kb1 g5 27. Bd2 Bf5+ 28. Ka1 g4 29. Nh4 Bd3 30. Re3 Bc4 31. Bxc4 bxc4 32. f3 Rd5 33. Rf1 f5 34. fxg4 hxg4 35. Re2 Bf6 36. Bf4 Red8 37. Rfe1 c5 38. dxc5 Rxc5 39. Bh6 Rc6 40. Bxf8 Rxf8 41. Re3 Rd8 42. R3e2 Rd3 43. Ka2 Rxg3 44. Re3 Rxe3 45. Rxe3 Bxh4 0-1


[Site "https://www.chess.com"]

[Event "Titled Tuesday Blitz November 22 Late 2022"]
[White "Roque Sola, Gisela"]
[Black "Trent, Lawrence"]
[WhiteFideId "5120241"]
[BlackFideId "408638"]
[WhiteElo "1961"]
[BlackElo "2458"]
[Result "0-1"]
[Round "04"]
[TimeControl "180+1"]
[Date "2022.11.23"]
[WhiteClock "0:00:19"]
[BlackClock "0:00:45"]

1. e4 c5 2. Nf3 Nc6 3. d4 cxd4 4. Nxd4 Nf6 5. Nc3 e6 6. Nxc6 bxc6 7. Bd3 e5 8. Bc4 Bb4 9. O-O O-O 10. Bg5 h6 11. Bh4 Be7 12. Qd3 d5 13. exd5 cxd5 14. Bxf6 dxc4 15. Qxd8 Bxd8 16. Bxe5 Re8 17. Rfe1 Bf5 18. Bd4 Ba5 19. Re5 Rxe5 20. Bxe5 Bxc2 21. Rc1 Bd3 22. Bd4 a6 23. Be3 Rb8 24. Na4 Rb4 25. b3 cxb3 26. axb3 Rxb3 27. Nc5 Ra3 28. g3 Bb5 29. Nb7 Bc3 30. Bc5 Ra1 31. Rxa1 Bxa1 32. Bb4 Bd4 33. Kg2 Bc6+ 0-1


[Site "https://www.chess.com"]

[Event "Titled Tuesday Blitz November 22 Late 2022"]
[White "Roque Sola, Jose Luis"]
[Black "Doluhanova, Evgeniya"]
[WhiteFideId "5120390"]
[BlackFideId "14112035"]
[WhiteElo "2117"]
[BlackElo "2164"]
[Result "0-1"]
[Round "04"]
[TimeControl "180+1"]
[Date "2022.11.23"]
[WhiteClock "0:00:03"]
[BlackClock "0:02:07"]

1. c4 Nf6 2. Nc3 g6 3. Nf3 Bg7 4. g3 O-O 5. Bg2 d5 6. cxd5 Nxd5 7. O-O Nxc3 8. bxc3 c5 9. Rb1 Nc6 10. Qc2 Rb8 11. d3 e5 12. Be3 b6 13. Nd2 Bd7 14. Ne4 Qe7 15. Bg5 f6 16. Be3 h6 17. h4 f5 18. Bg5 hxg5 19. Nxg5 Bf6 20. Bd5+ Kg7 21. Kg2 Bxg5 22. hxg5 Qxg5 23. Rh1 f4 24. c4 Nd4 25. Qb2 fxg3 26. fxg3 Qe3 0-1


[Site "https://www.chess.com"]

[Event "Titled Tuesday Blitz November 22 Late 2022"]
[White "Rose, Felix"]
[Black "Wu, Rochelle"]
[WhiteFideId "5105722"]
[BlackFideId "30908132"]
[WhiteElo "2039"]
[BlackElo "2217"]
[Result "0-1"]
[Round "04"]
[TimeControl "180+1"]
[Date "2022.11.23"]
[WhiteClock "0:00:09"]
[BlackClock "0:00:12"]

1. d4 d5 2. Nc3 c6 3. Bf4 Nf6 4. f3 e6 5. g4 Bd6 6. Qd2 h6 7. O-O-O b5 8. h4 a5 9. Nh3 a4 10. Bxd6 Qxd6 11. Qf4 Qe7 12. a3 b4 13. axb4 a3 14. bxa3 Nbd7 15. Nb1 Nb6 16. e4 Nfd7 17. e5 Ba6 18. g5 Bxf1 19. Rdxf1 Nc4 20. gxh6 Rxh6 21. Qg5 Qf8 22. Rfg1 Rg6 23. Qf4 Rxg1+ 24. Rxg1 Nxa3 25. c3 Nb6 26. h5 Nbc4 27. Qg5 Nxb1 28. Kxb1 Ra3 29. Qxg7 Rxc3 30. Qxf8+ Kxf8 31. h6 Rxf3 32. Ng5 Rb3+ 33. Kc1 Rc3+ 34. Kd1 Rd3+ 35. Kc1 Rxd4 36. h7 Rh4 37. Rf1 Nxe5 38. Nxe6+ Ke7 39. Ng5 f6 40. Nf3 Rxh7 41. Nxe5 fxe5 42. Re1 Kd6 43. Kb2 Rh4 44. Ka3 Rh3+ 45. Ka4 e4 46. Rg1 Rf3 47. Rg6+ Kc7 48. Rg7+ Kb6 49. Rg8 e3 50. Rb8+ Kc7 51. Re8 d4 52. Kb3 d3 53. Kc3 d2 54. Kc2 Kb6 55. Re5 Rf1 56. Rxe3 d1=Q+ 57. Kc3 Qc1+ 58. Kd4 Rd1+ 59. Ke5 Qxe3+ 0-1


[Site "https://www.chess.com"]

[Event "Titled Tuesday Blitz November 22 Late 2022"]
[White "Rosenberg, Evan S"]
[Black "Cannon, David"]
[WhiteFideId "2019299"]
[BlackFideId "3213110"]
[WhiteElo "2382"]
[BlackElo "2013"]
[Result "1-0"]
[Round "04"]
[TimeControl "180+1"]
[Date "2022.11.23"]
[WhiteClock "0:00:08"]
[BlackClock "0:00:03"]

1. d4 Nf6 2. Nf3 g6 3. Nc3 d5 4. Bf4 Bg7 5. Nb5 Na6 6. e3 O-O 7. h3 c6 8. Nc3 c5 9. Bxa6 bxa6 10. O-O cxd4 11. exd4 Ne4 12. Nxe4 dxe4 13. Ne5 Qb6 14. Rb1 Rd8 15. c3 Be6 16. Qa4 Qb5 17. Qa3 f6 18. Ng4 Bc4 19. Rfe1 Bd3 20. Rbd1 Rd7 21. b3 Qc6 22. c4 Rxd4 23. Qxe7 Rd7 24. Qb4 Re8 25. Ne3 f5 26. Nd5 Rxd5 27. cxd5 Qxd5 28. Be3 Rc8 29. Rc1 Rf8 30. Rc7 Be5 31. Rxa7 Rf7 32. Rxf7 Kxf7 33. Qc5 Qe6 34. Qa7+ Kf6 35. Qxh7 f4 36. Bc5 Qd5 37. Bf8 1-0


[Site "https://www.chess.com"]

[Event "Titled Tuesday Blitz November 22 Late 2022"]
[White "Rubio Tent, Francisco"]
[Black "Guzman, Christopher"]
[WhiteFideId "2238233"]
[BlackFideId "6405096"]
[WhiteElo "2211"]
[BlackElo "2272"]
[Result "0-1"]
[Round "04"]
[TimeControl "180+1"]
[Date "2022.11.23"]
[WhiteClock "0:00:32"]
[BlackClock "0:01:25"]

1. e4 c6 2. Nc3 d5 3. Nf3 dxe4 4. Nxe4 Nf6 5. Nxf6+ exf6 6. Bc4 Bd6 7. d4 O-O 8. O-O Na6 9. h3 Nc7 10. Re1 b5 11. Bd3 Be6 12. a4 a6 13. c3 Qd7 14. Nh2 Rfe8 15. Bd2 Nd5 16. Qf3 Rab8 17. axb5 axb5 18. Ng4 Ra8 19. b3 Rxa1 20. Rxa1 Nb6 21. Re1 Bxb3 22. Rxe8+ Qxe8 23. Nxf6+ gxf6 24. Qxf6 Qe7 25. Qh6 f6 26. Bxh7+ Qxh7 27. Qxf6 Qb1+ 28. Be1 Qxe1# 0-1


[Site "https://www.chess.com"]

[Event "Titled Tuesday Blitz November 22 Late 2022"]
[White "Sabar, Ethmane Daouda"]
[Black "Hirneise, Jens"]
[WhiteFideId "19600097"]
[BlackFideId "24614734"]
[WhiteElo "1950"]
[BlackElo "2344"]
[Result "0-1"]
[Round "04"]
[TimeControl "180+1"]
[Date "2022.11.23"]
[WhiteClock "0:00:15"]
[BlackClock "0:02:02"]

1. b3 d5 2. Bb2 Bg4 3. c4 e6 4. g3 Nf6 5. Bg2 c6 6. Nf3 Bxf3 7. Bxf3 Be7 8. O-O Nbd7 9. d3 O-O 10. e4 dxe4 11. dxe4 e5 12. Qc2 Qc7 13. Nc3 Nc5 14. b4 Ne6 15. a3 Nd4 16. Qd3 Rfd8 17. Qe3 Nc2 18. Qe2 Nxa1 19. Rxa1 a5 20. b5 Bc5 21. Na4 Bd4 22. b6 Qe7 23. Kg2 Bxb2 24. Qxb2 Rd4 25. Re1 Rxc4 26. Qb3 Rd4 27. Rc1 Nxe4 28. Bxe4 Rxe4 29. Nc5 Rd4 30. Qc3 Rd5 31. a4 h5 32. h4 e4 33. Rc2 f5 34. Qc4 Kh7 0-1


[Site "https://www.chess.com"]